 Dungeon Sprint DCSS version 0.24.0-125-gc4c63601f3 (webtiles) character file.

Game seed: 8905696046837505555, levelgen mode: deterministic

5100000 Ponchio the Conqueror (level 26, -32/266 HPs)
             Began as a Centaur Fighter on Mar 4, 2020.
             Annihilated by a meat berserker
             ... wielding a +9 battleaxe
              (49 damage)
             ... in the Dungeon (Sprint VIII: "Arena of Blood").
             The game lasted 00:05:00 (51 turns).

Ponchio the Conqueror (Centaur Fighter)               Turns: 51, Time: 00:05:01

Health: -32/266    AC: 13    Str: 21    XL:     26   Next: 51%
Magic:  25/54      EV: 28    Int:  7    God:
Gold:   0          SH:  0    Dex: 19    Spells: 79/79 levels left

rFire    . . .     SeeInvis .   l - +∞ Axe of Woe
rCold    . . .     Gourm    .   (shield currently unavailable)
rNeg     . . .     Faith    .   b - +0 scale mail
rPois    .         Spirit   .   (no helmet)
rElec    .         Reflect  .   (no cloak)
rCorr    .         Harm     .   (no gloves)
MR       +....     NoTele   +   (no barding)
Stlth    ++++++++..             (no amulet)
HPRegen  0.54/turn              (no ring)
MPRegen  0.34/turn              (no ring)

@: very slightly contaminated, hasted (expiring), very quick
A: large, hooves 3, deformed body, speed 2, tough skin 3
a: no special abilities


You were in the Dungeon.
You were not hungry.

You visited 1 branch

Inventory:

Hand Weapons
 a - a +0 war axe
 l - the +∞ Axe of Woe (weapon)
   (You found it in the Dungeon)
Armour
 b - a +0 scale mail (worn)
 c - a +0 shield
Potions
 d - a potion of might
 e - a potion of curing
 g - a potion of heal wounds
 i - 2 potions of magic
 j - a potion of berserk rage
Comestibles
 f - a ration


   Skills:
 O Level 27 Fighting
 O Level 27 Axes
 O Level 27 Throwing
 O Level 27 Armour
 O Level 27 Dodging
 O Level 27 Stealth
 O Level 27 Shields
 O Level 27 Unarmed Combat
 O Level 27 Spellcasting


You had 79 spell levels left.
You didn't know any spells.
Your spell library was empty.

Dungeon Overview and Level Annotations

Branches:
Dungeon (1/1)

Altars:
Makhleb


Innate Abilities, Weirdness & Mutations

You have hooves in place of feet.
Armour fits poorly on your strangely shaped body.
You cover ground very quickly.
You have extremely tough skin. (AC +3)


Message History

You kill the meat berserker!
You have reached level 26!
You slice the bag of meat!!
You dissect the bag of meat like a pig carcass.
You kill the bag of meat!
You hear a shout! x2
A sculptor of flesh comes into view. It is wielding a +9 great sword.
You slice the bag of meat like a ripe choko!!!
You cleave the bag of meat in twain.
You kill the bag of meat!
You open the bag of meat like a pillowcase!!!
You pulverise the bag of meat into a thin bloody mist.
You kill the bag of meat!
You hear a shout! x3
You slash the bag of meat!
You hew the bag of meat savagely.
You kill the bag of meat!
You hear a shout!
You hear a shout!
The meat berserker hits you with a +9 battleaxe!!!
You die...

######### ####.......=
####...).......
####..O.o))...##.#
####o.Oo.oo.))))..Oo.
#.oo@))...####)....##
#...o.O.o...#.....)))...
#...oO.o.....#....).)...
#....o.......#....)))...
#....o..###...#......oo.
#...z.### .....#........
#....# ..............
#.... ........O....
........#....


You could see a sculptor of flesh, 2 large bags of meat, 2 meat berserkers and
13 bags of meat.

Vanquished Creatures
  5 vampire knights (D)
  12 ogres (D)
  37 orcs (D)
54 creatures vanquished.

Notes
Turn   | Place    | Note
-------+----------+-------------------------------------------
     0 | D        | Found the +∞ Axe of Woe
     0 | D        | Ponchio the Centaur Fighter began the quest for the Orb.
     0 | D        | Reached XP level 1. HP: 19/19 MP: 1/1
     1 | D        | Noticed a bag of meat
     1 | D        | Noticed a bag of meat
     2 | D        | Noticed a bag of meat
     3 | D        | Noticed a bag of meat
     3 | D        | Noticed a bag of meat
     4 | D        | Noticed a bag of meat
     5 | D        | Noticed a meat berserker
     5 | D        | Noticed a bag of meat
     6 | D        | Noticed a meat berserker
     6 | D        | Noticed a meat berserker
     8 | D        | Noticed a bag of meat
     8 | D        | Noticed a bag of meat
     8 | D        | Noticed a bag of meat
     8 | D        | Noticed a bag of meat
     8 | D        | Noticed a bag of meat
     8 | D        | Noticed a bag of meat
     9 | D        | Noticed a bag of meat
    10 | D        | Noticed a bag of meat
    10 | D        | Noticed a bag of meat
    10 | D        | Noticed a bag of meat
    10 | D        | Noticed a bag of meat
    10 | D        | Noticed a bag of meat
    11 | D        | Noticed a large bag of meat
    11 | D        | Noticed a bag of meat
    11 | D        | Noticed a bag of meat
    11 | D        | Noticed a bag of meat
    11 | D        | Noticed a bag of meat
    11 | D        | Noticed a bag of meat
    11 | D        | Noticed a bag of meat
    11 | D        | Noticed a meat berserker
    12 | D        | Noticed a bag of meat
    13 | D        | Noticed a bag of meat
    13 | D        | Noticed a bag of meat
    14 | D        | Killed a bag of meat
    14 | D        | Reached skill level 15 in Axes
    14 | D        | Reached XP level 2. HP: 50/50 MP: 2/2
    14 | D        | Reached XP level 3. HP: 57/57 MP: 3/3
    14 | D        | Reached XP level 4. HP: 64/64 MP: 4/4
    14 | D        | Reached XP level 5. HP: 71/71 MP: 5/5
    14 | D        | Reached XP level 6. HP: 80/80 MP: 6/6
    14 | D        | Reached XP level 7. HP: 86/86 MP: 7/7
    14 | D        | Reached XP level 8. HP: 94/94 MP: 8/8
    14 | D        | Reached XP level 9. HP: 101/101 MP: 9/9
    14 | D        | Reached XP level 10. HP: 108/108 MP: 10/10
    14 | D        | Reached XP level 11. HP: 116/116 MP: 11/11
    14 | D        | Killed a bag of meat
    14 | D        | Reached skill level 15 in Shields
    14 | D        | Reached XP level 12. HP: 129/129 MP: 12/12
    14 | D        | Noticed a meat berserker
    14 | D        | Noticed a bag of meat
    15 | D        | Killed a bag of meat
    15 | D        | Reached XP level 13. HP: 140/140 MP: 13/13
    15 | D        | Killed a bag of meat
    15 | D        | Reached XP level 14. HP: 152/152 MP: 14/14
    16 | D        | Noticed a meat berserker
    16 | D        | Killed a bag of meat
    16 | D        | Killed a bag of meat
    16 | D        | Reached XP level 15. HP: 166/166 MP: 15/15
    16 | D        | Killed a meat berserker
    17 | D        | Reached XP level 16. HP: 181/181 MP: 16/16
    17 | D        | Reached skill level 27 in Fighting
    18 | D        | Reached skill level 27 in Axes
    18 | D        | Reached XP level 17. HP: 191/191 MP: 17/17
    19 | D        | Killed a meat berserker
    19 | D        | Reached skill level 27 in Shields
    19 | D        | Reached skill level 15 in Dodging
    19 | D        | Reached XP level 18. HP: 200/200 MP: 18/18
    20 | D        | Killed a meat berserker
    20 | D        | Reached XP level 19. HP: 207/207 MP: 19/19
    20 | D        | Noticed a destroyer
    21 | D        | Killed a meat berserker
    21 | D        | Reached skill level 27 in Dodging
    21 | D        | Reached skill level 10 in Armour
    22 | D        | Noticed a large bag of meat
    23 | D        | Noticed a meat berserker
    26 | D        | Noticed a destroyer
    26 | D        | Killed a destroyer
    26 | D        | Reached XP level 20. HP: 50/216 MP: 20/20
    26 | D        | Killed a destroyer
    26 | D        | Reached skill level 15 in Stealth
    26 | D        | Reached XP level 21. HP: 51/224 MP: 21/21
    27 | D        | HP: 9/224 [bag of meat/+9 war axe (14)]
    28 | D        | Reached skill level 27 in Throwing
    33 | D        | Noticed a destroyer
    33 | D        | Noticed a destroyer
    36 | D        | Noticed a destroyer
    37 | D        | Reached XP level 22. HP: 11/233 MP: 22/22
    37 | D        | Reached skill level 27 in Unarmed Combat
    38 | D        | Killed a destroyer
    38 | D        | Reached XP level 23. HP: 12/240 MP: 23/23
    39 | D        | Reached skill level 27 in Armour
    39 | D        | Reached skill level 27 in Stealth
    39 | D        | Reached skill level 15 in Spellcasting
    40 | D        | Killed a destroyer
    40 | D        | Reached XP level 24. HP: 13/249 MP: 23/50
    41 | D        | Killed a destroyer
    41 | D        | Reached skill level 27 in Spellcasting
    43 | D        | Reached XP level 25. HP: 14/257 MP: 23/54
    48 | D        | Reached XP level 26. HP: 16/266 MP: 24/54
    51 | D        | Annihilated by a meat berserker

Levels and vault maps discovered:
D:        meatsprint

Skill      XL: |  1  2  3  4  5  6  7  8  9 10 11 12 13 14 15 16 17 18 19 20 21 22 23 24 |
---------------+-------------------------------------------------------------------------+-----
Fighting       | 16 18 20 21 23 26 27 | 27.0
Axes           | 15 17 19 20 22 24 27 | 27.0
Shields        | 13 15 16 17 19 21 24 27 | 27.0
Dodging        | 15 24 27 | 27.0
Throwing       | 18 22 27 | 27.0
Armour         | 13 17 22 26 27 | 27.0
Stealth        | 12 15 20 24 27 | 27.0
Unarmed Combat | 17 20 26 27 | 27.0
Spellcasting   | 23 27 | 27.0

Action                   |  1- 3 |  4- 6 |  7- 9 | 10-12 | 13-15 | 16-18 | 19-21 | 22-24 | 25-27 || total
-------------------------+-------+-------+-------+-------+-------+-------+-------+-------+-------++-------
Melee: Executioner's axe |     1 |       |       |     1 |     2 |     3 |     4 |     6 |     7 ||    24
  Use: Scroll            |     1 |       |       |       |       |       |       |       |       ||     1
       Potion            |     1 |       |       |       |       |       |       |       |       ||     1
Dodge: Dodged            |       |       |       |       |       |       |     1 |       |       ||     1
